 Dungeon Sprint DCSS version 0.22.1-1-ga44c0e56f4 (webtiles) character file.

53 KleinerIrrer the Ruffian (level 3, -9/36 HPs)
             Began as a Troll Monk on Nov 2, 2018.
             Mangled by a water elemental (17 damage)
             ... in the Dungeon (Sprint III: "The Ten Rune Challenge").
             The game lasted 00:01:06 (102 turns).

KleinerIrrer the Ruffian (Troll Monk)                Turns: 102, Time: 00:01:06

Health: -9/36      AC:  5    Str: 19    XL:     3   Next: 64%
Magic:  2/2        EV: 10    Int:  6    God:
Gold:   18         SH:  0    Dex: 13    Spells: 2/2 levels left

rFire    . . .     SeeInvis .     - Unarmed
rCold    . . .     Gourm    +   (no shield)
rNeg     . . .     Faith    .   a - +0 robe
rPois    .         Spirit   .   (helmet restricted)
rElec    .         Reflect  .   (no cloak)
rCorr    .         Harm     .   (gloves unavailable)
MR       .....     NoTele   +   (boots unavailable)
Stlth    ++........             (no amulet)
HPRegen  0.52/turn              (no ring)
MPRegen  0.08/turn              (no ring)

@: engulfed (cannot breathe)
A: large, unfitting armour, claws 3, horns 2, fast metabolism 3, gourmand,
regeneration 1, shaggy fur 1, tough skin 2
a: no special abilities


You were in the Dungeon.
You were very full.

You visited 1 branch You collected 18 gold pieces.

Inventory:

Armour
 a - a +0 robe (worn)
Scrolls
 h - 2 scrolls of blinking
 j - a scroll of immolation {unknown}
 k - 2 scrolls of remove curse
 m - a scroll of torment {unknown}
 n - a scroll of identify
 o - a scroll of random uselessness {unknown}
Potions
 c - 2 potions of curing
 d - 2 potions of heal wounds
 e - a potion of haste
 f - 2 potions of magic
 g - a potion of berserk rage
 i - a potion of mutation
 l - 4 potions of flight
Comestibles
 b - 4 rations


   Skills:
 - Level 2.4 Fighting
 - Level 2.4 Dodging
 - Level 1.0 Stealth
 + Level 7.9 Unarmed Combat


You had 2 spell levels left.
You didn't know any spells.
Your spell library was empty.

Dungeon Overview and Level Annotations

Branches:
Dungeon (1/1)

Altars:


Innate Abilities, Weirdness & Mutations

You are too large for most types of armour.
You have claws for hands.
Your metabolism is lightning-fast.
You like to eat raw meat.
Your natural rate of healing is unusually fast.
You are covered in fur. (AC +1)
You have very tough skin. (AC +2)
You have a pair of horns on your head.


Message History

Your body's shape seems more normal.
Your talons dull and shrink into feet.
A pair of horns grows on your head! The horns on your head grow some more.
There is an open door here.
As you open the door, it creaks loudly!
A water elemental comes into view.
You scratch the water elemental. You headbutt the water elemental.
The water elemental is moderately damaged.
The water elemental hits you.
The water elemental engulfs you in water!
You slip free of the water engulfing you.
You gasp with relief as air once again reaches your lungs.
The water elemental hits you!!
Ouch! That really hurt!
The water elemental engulfs you in water!
You barely miss the water elemental.
The water elemental is moderately damaged.
* * * LOW HITPOINT WARNING * * *
Your lungs strain for air!
The water elemental hits you!
You die...

▓▓▓▓▓▓▓▓ ▓▓▓ <..#...####
##.# ...#......#####..#
..##.......#..#..#
##.##.##...#..#..# #+#+#
##.##.###..##'#.@#......
#.####.##..###...E.⌠....
.###..##..####...#...###
#.....##).###....#.⌠.#
###..##...##.....# ..#
##..##....#......# ###
#..###..##÷#.....# #).#
#.. ####....# ▓▓▓▓ ▓▓▓
▓▓▓▓▓▓


You could see a water elemental.

Vanquished Creatures
  Jessica (D)
  A human (D)
  An ooze (D)
  A phantom (D)
  2 rats (D)
6 creatures vanquished.

Vanquished Creatures (others)
  A hellion (D)
  2 plants (D)
3 creatures vanquished.

Grand Total: 9 creatures vanquished

Notes
Turn   | Place    | Note
-------+----------+-------------------------------------------
     0 | D        | KleinerIrrer the Troll Monk began the quest for the Orb.
     0 | D        | Reached XP level 1. HP: 22/22 MP: 0/0
    11 | D        | Reached skill level 4 in Unarmed Combat
    33 | D        | Noticed Jessica
    38 | D        | Killed Jessica
    38 | D        | Reached skill level 6 in Unarmed Combat
    38 | D        | Reached XP level 2. HP: 23/29 MP: 1/1
    38 | D        | Reached XP level 3. HP: 28/36 MP: 2/2
    57 | D        | Reached skill level 7 in Unarmed Combat
    92 | D        | Gained mutation: Armour fits poorly on your strangely
                  | shaped body. [potion of mutation]
    92 | D        | Gained mutation: You have sharp toenails. [potion of
                  | mutation]
    93 | D        | Lost mutation: Armour fits poorly on your strangely shaped
                  | body. [potion of mutation]
    93 | D        | Lost mutation: You have sharp toenails. [potion of
                  | mutation]
    93 | D        | Gained mutation: You have a pair of small horns on your
                  | head. [potion of mutation]
    93 | D        | Gained mutation: You have a pair of horns on your head.
                  | [potion of mutation]
    98 | D        | Noticed a water elemental
   101 | D        | Killed a hellion
   102 | D        | Mangled by a water elemental

Skill      XL: |  1  2  3 |
---------------+----------+-----
Unarmed Combat | 6 7 |  7.9
Fighting       | |  2.4
Dodging        | |  2.4
Stealth        | |  1.0

Action                   || total
-------------------------++-------
Melee: Unarmed           ||    20
       Headbutt          ||     1
  Use: Potion            ||     2
       Scroll            ||     1
 Stab: Sleeping          ||     1
  Eat: Chunk             ||     4
Armor: Robe              ||     2
Dodge: Dodged            ||     5
